 Dungeon Crawl Stone Soup version 0.32-a0-913-g739538afd8 (webtiles) character file.

Game seed: 6469973805819123045

218285 ezpacito the Protected (level 19, -3/146 HPs)
             Began as a Coglin Chaos Knight on Apr 8, 2024.
             Was a Plaything of Xom.
             Slain by a sun demon (9 damage)
             ... on level 2 of the Abyss.
             The game lasted 01:04:32 (26406 turns).

ezpacito the Protected (Coglin Chaos Knight)       Turns: 26406, Time: 01:04:33

Health: -3/146     AC: 18    Str: 16    XL:     19   Next: 50%
Magic:  28/28      EV: 12    Int:  7    God:    Xom [......]
Gold:   190        SH:  0    Dex: 18    Spells: 0/30 levels left

rFire   . . .        E - +5 broad axe (spect) {Sebastián}
rCold   x x .        I - +10 rapier "Pizasso" {venom, rElec rN+ Int-2 Stlth+}
rNeg    + . .        p - +4 chain mail {Will+}
rPois   +            (helmet restricted)
rElec   +            N - +2 cloak {rPois}
rCorr   +            G - +0 pair of gloves of the Sun {Rampage Dex+3 Slay+2}
SInv    .            (no boots)
Will    ++...        (amulet unavailable)
Stlth   +            (ring unavailable)
HPRegen 0.44/turn    (ring unavailable)
MPRegen 0.21/turn    f - georeticulated matrix {rElec rPois rCorr Clar RMsl}

%: repel missiles, clarity, rampage
@: studying 2 skills, revved
A: off-hand wielding, slow wielding, warmup strikes, no jewellery, horns 1,
agile 1, deformed body, high MP 1, wild magic 1, MP-powered wands, [berserk 1],
[clumsy 1], [dopey 2], [low MP 1], [weak 1], [no potion heal 1], [cold
vulnerability 2]
a: Renounce Religion


You were on level 2 of the Abyss.
You worshipped Xom.
You were a very special plaything of Xom.
You visited 4 branches of the dungeon, and saw 23 of its levels.
You visited the Abyss 1 time.
You also visited: Bailey, Gauntlet and Ice Cave.

You collected 2486 gold pieces.
You spent 2296 gold pieces at shops.

Inventory:

Hand Weapons
 a - a +1 hand axe of chaos {Helmut}
 k - a +2 war axe of flaming {Masataka}
 z - a +6 flail of holy wrath
 E - a +5 spectral broad axe (weapon) {Sebastián}
 I - the +10 rapier "Pizasso" (offhand) {venom, rElec rN+ Int-2 Stlth+}
   (You took it off a tengu conjurer on level 13 of the Dungeon)

   Int-2:     It affects your intelligence (-2).
   rElec:     It insulates you from electricity.
   rN+:       It protects you from negative energy.
   Stlth+:    It makes you more stealthy.
Missiles
 e - 22 boomerangs (quivered)
 l - 5 silver javelins
 o - 40 poisoned darts
 v - a curare-tipped dart
 w - 4 atropa-tipped darts
 D - 4 throwing nets
Armour
 p - a +4 chain mail of willpower (worn)
 G - the +0 pair of gloves of the Sun (worn) {Rampage Dex+3 Slay+2}
   (You found it on level 13 of the Dungeon)

   Dex+3:     It affects your dexterity (+3).
   Slay+2:    It affects your accuracy & damage with ranged weapons and melee
   (+2).
   Rampage:   It bestows one free step when moving towards enemies.
 N - a +2 cloak of poison resistance (worn)
Gizmo
 f - a georeticulated matrix (installed) {rElec rPois rCorr Clar RMsl}
   (You invented it yourself in an ice cave)

   [georeticulated matrix]

   rElec:     It insulates you from electricity.
   rPois:     It protects you from poison.
   Clar:      It protects you from confusion, rage, mesmerisation and fear.
   RMsl:      It protects you from missiles.
   rCorr:     It protects you from acid and corrosion.
Wands
 b - a wand of warping (23)
 d - a wand of light (5)
 r - a wand of flame (32)
 C - a wand of paralysis (28)
 K - a wand of polymorph (34)
Scrolls
 i - 7 scrolls of identify
 j - 3 scrolls of vulnerability
 m - 2 scrolls of fog
 t - 3 scrolls of teleportation
 Q - a scroll of amnesia
 R - a scroll of noise
Potions
 c - 3 potions of brilliance
 n - 2 potions of attraction
 u - 2 potions of lignification
 A - 2 potions of magic
 L - 3 potions of enlightenment
 M - a potion of cancellation
Miscellaneous
 y - a phantom mirror
 F - a Gell's gravitambourine (1/2)
 H - a sack of spiders (inert)
 J - a box of beasts (inert)


   Skills:
 * Level 11.9 Fighting
 * Level 11.7(13.6) Axes
 * Level 10.6(12.5) Polearms
 + Level 1.9 Throwing
 * Level 13.9 Armour
 * Level 10.5 Dodging
 - Level 5.0 Stealth
 - Level 4.2 Unarmed Combat
 + Level 6.3 Spellcasting
 + Level 4.6 Conjurations
 + Level 5.0 Hexes
 + Level 7.5 Necromancy
 + Level 2.5 Translocations
 + Level 5.1 Fire Magic
 + Level 6.2 Air Magic
 + Level 8.1 Alchemy
 + Level 9.9 Evocations


You couldn't memorise any spells.
You knew the following spells:

 Your Spells              Type           Power      Damage    Failure   Level
a - Cigotuvi's Dreadful   Necr/Alch/Air  32%        N/A       17%         2
b - Ignite Poison         Fire/Alch      15%        N/A       77%         4
c - Anguish               Hex/Necr       7%         N/A       82%         4
d - Curse of Agony        Necr           16%        N/A       93%         5
e - Cause Fear            Hex            6%         N/A       93%         4
f - Fugue of the Fallen   Necr           16%        N/A       30%         3
g - Teleport Other        Tloc           7%         N/A       90%         3
h - Blink                 Tloc           14%        N/A       71%         2
x - Mephitic Cloud        Conj/Alch/Air  14%        N/A       43%         3

Your spell library contained the following spells:

 Spells                   Type           Power      Damage    Failure   Level
 Shock                    Conj/Air       48%        1d6       24%         1
 Magic Dart               Conj           44%        1d5       30%         1
 Swiftness                Air            14%        N/A       45%         3
 Dazzling Flash           Conj/Hex       22%        N/A       63%         3
 Airstrike                Air            7%         2d(1-17)  83%         4
 Hailstorm                Conj/Ice       7%         3d5       91%         3
 Call Imp                 Summ           4%         N/A       96%         2
 Vhi's Electric Charge    Tloc/Air       20%        N/A       97%         4
 Ozocubu's Armour         Ice            2%         N/A       99%         3
 Summon Ice Beast         Ice/Summ       2%         N/A       99%         3
 Arcjolt                  Conj/Air       6%         1d16      99%         5
 Silence                  Hex/Air        6%         N/A       99%         5
 Freezing Cloud           Conj/Ice/Air   4%         6-21      100%        5
 Summon Mana Viper        Hex/Summ       7%         N/A       100%        5
 Dispersal                Tloc           3%         N/A       100%        6
 Gell's Gavotte           Tloc           3%         2d(13-19) 100%        6
 Permafrost Eruption      Ice/Erth       1%         2x4d1     100%        6
 Plasma Beam              Fire/Air       6%         2x1d17    100%        6
 Sculpt Simulacrum        Ice/Alch       5%         N/A       100%        6
 Enfeeble                 Hex            6%         N/A       100%        7
 Manifold Assault         Tloc           3%         N/A       100%        7
 Monstrous Menagerie      Summ           1%         N/A       100%        7


Dungeon Overview and Level Annotations

Branches:
Dungeon (15/15)            Temple (1/1) D:7            Lair (5/5) D:9
 Shoals (0/4) Lair:3        Snake (2/4) Lair:3        Slime (0/5) Lair:5
    Orc (0/2) D:11         Vaults (0/5) D:13         Depths (0/4) D:15
 Bailey (visited)           IceCv (visited)         Gauntlet (visited)

Altars:
Ashenzari
Cheibriados
Dithmenos
Elyvilon
Fedhas
Gozag
Hepliaklqana
Kikubaaqudgha
Makhleb
Nemelex Xobeh
Okawaru
Qazlal
Ru
Sif Muna
Trog
Uskayaw
Vehumet
Wu Jian
Xom
Yredelemnul
Zin
The Shining One
Jiyva

Shops:
D:5 (   D:9 *   D:11 **[((   D:13 =[[=[   D:15 *   Snake:2 [


Innate Abilities, Weirdness & Mutations

You can wield a second weapon in your off-hand.
It takes a long time for you to wield or remove held weapons.
Your first few attacks do less damage.
You cannot equip rings or amulets.
You have a pair of small horns on your head.
You are agile. (Dex +4, Str/Int -1)
Armour fits poorly on your strangely shaped body.
You have an increased reservoir of magic. (+10% MP)
Your spells are a little harder to cast, but a little more powerful.
You expend magic power (3 MP) to strengthen your wands.
[You sometimes lose your temper in combat.]
[You are clumsy. (Dex -2)]
[You are very dopey. (Int -4)]
[Your magical capacity is low. (-10% MP)]
[You are weak. (Str -2)]
[Potions are less effective at restoring your health.]
[You are very vulnerable to cold. (rC--)]


Message History

Your spectral weapon shares its damage with you!
* * * LOW HITPOINT WARNING * * *
The tentacled starspawn tentacle-slaps your +5 spectral broad axe {Sebastián}!
Your spectral weapon shares its damage with you!
* * * LOW HITPOINT WARNING * * *
The harpy skeleton closely misses you. x2
You feel your dexterity returning.
You take 19 damage, and have 4/146 hp.
You hit the tentacled starspawn with your +5 spectral broad axe.
You headbutt the tentacled starspawn.
The tentacled starspawn is almost destroyed.
You slash the harpy skeleton with your +5 spectral broad axe!
You hit the starspawn tentacle but do no damage.
You barely miss the tentacled starspawn with the +10 rapier "Pizasso".
Your +5 spectral broad axe {Sebastián} hits the tentacled starspawn.
Your +5 spectral broad axe {Sebastián} hits the starspawn tentacle.
Your +5 spectral broad axe {Sebastián} hits the starspawn tentacle!
You destroy the starspawn tentacle!
Your +5 spectral broad axe {Sebastián} hits the tentacled starspawn!
You destroy the tentacled starspawn!
The starspawn's tentacles wither and die.
Your +5 spectral broad axe {Sebastián} barely misses the harpy skeleton.
The harpy skeleton barely misses you.
The harpy skeleton claws you but does no damage. x3
You slash the harpy skeleton with your +5 spectral broad axe!
You destroy the harpy skeleton!
Your +5 spectral broad axe {Sebastián} disappears.
A tentacle flies out from the starspawn's body!
A starspawn tentacle comes into view.
You rampage towards the sun demon!
A starspawn tentacle comes into view.
You puncture the sun demon with the +10 rapier "Pizasso"!
The sun demon looks as sick as possible!
Your headbutt misses the sun demon.
The sun demon is moderately wounded.
You hit the sun demon with your +5 spectral broad axe.
Your +5 spectral broad axe {Sebastián} hits the sun demon but does no damage.
The sun demon hits you!
You die...
Xom thinks this is hilarious!

#. ..#. ... w.....
#.. .X..# #†. ..w#
##.# ##.## #
##...###...## ...
.#.....#.....#....
.................
.#... .#..@3.#..
#...###.(.## #...
#.##...# ... .#.
..## ...# #. ..
#.# ### .. ##. ##
#.# .# #. #


You could see a tentacled starspawn, a sun demon (extremely poisoned), 2
starspawn tentacles and a friendly +5 spectral broad axe {Sebastián}.

Vanquished Creatures
  Rupert (Lair:4)
  Jorgrun (D:14)
  A lich (Abyss:2)
  A sphinx (D:13)
  A tentacled starspawn (Abyss:2)
  Kirke (D:14)
  A storm dragon (D:13)
  An orc warlord (Bailey)
  The ghost of Hoaki the Fighter, a journeyman HONe of Kikubaaqudgha (Lair:4)
  Nessos (D:14)
  A stone giant (D:13)
  Azrael (D:14)
  A deep elf annihilator (D:13)
  A white draconian (IceCv)
  A minotaur (Gauntlet)
  A fire dragon (D:11)
  An ettin (D:13)
  Josephine (Lair:4)
  2 rakshasas
  Harold (D:10)
  An entropy weaver (D:6)
  3 hydras
  4 anacondas
  3 catoblepae (Lair:5)
  2 ogre magi
  5 boulder beetles
  12 centaur warriors
  6 two-headed ogres
  2 death knights (D:13)
  4 tengu warriors
  10 death yaks
  2 shock serpents (Snake:2)
  A naga warrior (Snake:2)
  7 naga sharpshooters
  2 skysharks
  3 wretched stars (Abyss:2)
  A salamander mystic (Snake:2)
  4 skeletal warriors (D:13)
  3 mana vipers
  A naga ritualist (Snake:1)
  3 starcursed masses (Abyss:2)
  2 necromancers
  3 large abominations
  A steelbarb worm (Lair:3)
  An orc sorcerer (D:15)
  14 ugly things
  3 deep elf pyromancers
  A faun (shapeshifter) (D:13)
  An orc knight (D:15)
  5 manticores
  21 elephants
  3 salamanders
  14 black mambas
  5 cyclopes
  A worldbinder (Gauntlet)
  2 torpor snails
  A water nymph (Lair:3)
  2 ice statues (IceCv)
  5 naga magi
  Joseph (D:10)
  3 centaur skeletons (D:15)
  An orange demon (Abyss:2)
  3 gargoyles
  17 cane toads
  A kobold demonologist (D:12)
  A yaktaur (D:13)
  4 unseen horrors
  2 minotaur zombies (Gauntlet)
  7 rime drakes
  10 komodo dragons
  3 efreet
  4 tengu conjurers
  3 hornets
  2 trolls
  The ghost of jkt the Covert, a novice SpEn (D:6)
  A polar bear (Lair:4)
  A wind drake (Lair:5)
  A raiju (shapeshifter) (D:14)
  A harpy skeleton (Abyss:2)
  12 blink frogs
  A blink frog (shapeshifter) (D:13)
  A jumping spider (shapeshifter) (D:13)
  4 raiju (Abyss:2)
  Prince Ribbit (D:5)
  A snapping turtle (Lair:3)
  A spriggan (Lair:2)
  3 slime creatures (D:14)
  A water elemental (Lair:3)
  6 wraiths
  A vampire (D:13)
  3 wyverns
  3 hogs (D:14)
  3 basilisks
  81 yaks
  2 fire elementals (D:14)
  2 steam dragons
  10 vampire mosquitoes
  A fire bat (Abyss:2)
  A neqoxec (Abyss:2)
  15 nagas
  3 hell hounds (D:14)
  Duvessa (D:5)
  6 acid dragons
  17 water moccasins
  An ice beast (shapeshifter) (D:13)
  3 black bears
  19 orc warriors
  A sky beast (shapeshifter) (D:14)
  A laughing skull (D:13)
  4 small abominations
  An ice beast (D:6)
  4 boggarts
  3 sky beasts
  An ogre (shapeshifter) (Lair:5)
  6 ogres
  A phantom (D:6)
  8 wolves
  8 centaurs
  Blork the orc (D:5)
  4 kobold brigands
  6 bullfrogs
  A scorpion (D:4)
  Dowan (D:5)
  A killer bee (D:6)
  3 lindwurm simulacra (IceCv)
  2 howler monkeys
  8 komodo dragon simulacra (IceCv)
  6 hounds
  4 orc priests
  A jelly (D:3)
  A gnoll bouda (D:8)
  A sleepcap (D:6)
  2 iguanas
  Natasha (thrice) (D:3)
  6 orc wizards
  5 hell rats (Lair:1)
  13 gnolls
  8 acid dragon simulacra (IceCv)
  12 adders
  3 white imps
  2 steam dragon simulacra (IceCv)
  4 dart slugs
  35 orcs
  9 endoplasms
  6 giant cockroaches
  21 goblins
  13 hobgoblins
  9 jackals
  14 kobolds
  6 quokkas
  5 ball pythons
  4 bats
  4 frilled lizards
  8 rats
  A starspawn tentacle (Abyss:2)
726 creatures vanquished.

Vanquished Creatures (collateral kills)
  2 boulder beetles
  A skyshark (Lair:5)
  3 elephants (Lair:5)
  A black mamba (Lair:4)
  A naga mage (Snake:2)
  2 cane toads
  A kobold demonologist (D:12)
  2 polar bears
  2 blink frogs (Lair:5)
  3 yaks
  A black bear (D:5)
  A phantom (D:4)
  An orc (D:12)
  A jackal (D:5)
22 creatures vanquished.

Vanquished Creatures (others)
  A white draconian (IceCv)
  A salamander tyrant (Snake:2)
  A death yak (Gauntlet)
  A dancing weapon (D:13)
  A cane toad (Lair:4)
  2 yaks
  Eustachio (D:5)
  A troll zombie (D:12)
  A hound (D:5)
  A hell rat (Lair:1)
  3 spectral weapons
  A starspawn tentacle (Abyss:2)
15 creatures vanquished.

Grand Total: 763 creatures vanquished

Notes
Turn   | Place    | Note
-------+----------+-------------------------------------------
     0 | D:1      | ezpacito the Coglin Chaos Knight began the quest for the
                  | Orb.
     0 | D:1      | Reached XP level 1. HP: 18/18 MP: 1/1
    83 | D:1      | Reached skill level 1 in Dodging
   206 | D:1      | XOM: enchant monster (bad)
   299 | D:1      | Reached XP level 2. HP: 24/24 MP: 2/2
   404 | D:1      | XOM: cloud trail
   527 | D:1      | XOM: butterfly on damage
   551 | D:1      | Reached skill level 2 in Armour
   553 | D:1      | Reached XP level 3. HP: 26/29 MP: 3/3
   938 | D:2      | XOM: confusion (+ monsters)
   950 | D:2      | XOM: divination: detect creatures
  1101 | D:2      | Reached XP level 4. HP: 34/35 MP: 4/4
  1201 | D:2      | Reached skill level 1 in Polearms
  1408 | D:2      | Found a faded altar of an unknown god.
  1566 | D:2      | XOM: god gift: quarterstaff {god gift}
  1674 | D:3      | XOM: give mutations
  1674 | D:3      | Gained mutation: Your muscles are strong. (Str +4, Int/Dex
                  | -1) [Xom's grace]
  1674 | D:3      | Gained mutation: Your movements are slightly less
                  | encumbered by armour. (ER -2) [Xom's grace]
  1674 | D:3      | Gained mutation: Your spells are a little harder to cast,
                  | but a little more powerful. [Xom's grace]
  1674 | D:3      | Gained mutation: You are agile. (Dex +4, Str/Int -1) [Xom's
                  | grace]
  1677 | D:3      | XOM: give mutation
  1677 | D:3      | Gained mutation: You are partially covered in iridescent
                  | scales. (AC +2) [Xom's grace]
  1788 | D:3      | Noticed Natasha
  1792 | D:3      | Killed Natasha
  1807 | D:3      | Noticed Natasha
  1812 | D:3      | Killed Natasha
  1813 | D:3      | Reached skill level 1 in Stealth
  1813 | D:3      | Reached XP level 5. HP: 32/41 MP: 4/6
  1844 | D:3      | Identified the -2 pair of boots of Gemmuu {-Cast rElec
                  | rPois rC+}
  1885 | D:3      | XOM: give mutations
  1885 | D:3      | Gained mutation: Your natural rate of healing is unusually
                  | fast. [Xom's grace]
  1885 | D:3      | Gained mutation: You are very agile. (Dex +8, Str/Int -2)
                  | [Xom's grace]
  1885 | D:3      | Gained mutation: You are strong-willed. (Will+) [Xom's
                  | grace]
  1959 | D:3      | Noticed Natasha
  1965 | D:3      | Killed Natasha
  2186 | D:3      | Reached XP level 6. HP: 48/48 MP: 7/7
  2198 | D:3      | Learned a level 2 spell: Cigotuvi's Dreadful Rot
  2203 | D:3      | Learned a level 4 spell: Ignite Poison
  2530 | D:4      | XOM: scenery: create altars
  2537 | D:4      | Reached skill level 1 in Spellcasting
  2537 | D:4      | Reached skill level 1 in Evocations
  2575 | D:4      | Reached skill level 3 in Armour
  2596 | D:4      | XOM: summons 6 friendly demons
  2618 | D:4      | XOM: silly message
  2691 | D:4      | Reached XP level 7. HP: 54/54 MP: 8/8
  2959 | D:5      | Entered Level 5 of the Dungeon
  2963 | D:5      | Found Buenueto's Weapon Boutique.
  2996 | D:5      | XOM: silly message
  3097 | D:5      | Noticed Duvessa
  3097 | D:5      | Noticed Dowan
  3102 | D:5      | Killed Duvessa
  3103 | D:5      | Reached skill level 1 in Necromancy
  3103 | D:5      | Reached skill level 1 in Alchemy
  3104 | D:5      | Killed Dowan
  3160 | D:5      | Noticed Eustachio
  3162 | D:5      | Found an ornate altar of the Wu Jian Council.
  3162 | D:5      | XOM: noise
  3164 | D:5      | Noticed Blork the orc
  3165 | D:5      | Killed Eustachio
  3165 | D:5      | XOM: divine lightning
  3166 | D:5      | Reached XP level 8. HP: 58/61 MP: 10/10
  3167 | D:5      | XOM: summons 8 friendly demons
  3175 | D:5      | Killed Blork the orc
  3319 | D:5      | XOM: silly message
  3330 | D:5      | XOM: give mutations
  3330 | D:5      | Gained mutation: Your muscles are very strong. (Str +8,
                  | Int/Dex -2) [Xom's grace]
  3330 | D:5      | Gained mutation: You have an increased reservoir of magic.
                  | (+10% MP) [Xom's grace]
  3572 | D:5      | Noticed Prince Ribbit
  3583 | D:5      | Killed Prince Ribbit
  3584 | D:5      | Reached skill level 4 in Armour
  3624 | D:5      | XOM: summons 3 hostile shadow creatures
  3970 | D:6      | XOM: swap monsters
  3975 | D:6      | Reached skill level 5 in Fighting
  3975 | D:6      | Reached skill level 5 in Axes
  4025 | D:6      | Found a transporter.
  4132 | D:6      | Found an iron altar of Okawaru.
  4224 | D:6      | Noticed jkt's ghost (novice SpEn)
  4228 | D:6      | Found a transporter.
  4335 | D:6      | Reached XP level 9. HP: 59/68 MP: 13/13
  4360 | D:6      | XOM: swap monsters
  4458 | D:6      | XOM: god gift: 41 gold pieces
  4465 | D:6      | Learned a level 4 spell: Anguish
  4908 | D:6      | Noticed an entropy weaver
  4915 | D:6      | XOM: fake destruction
  4918 | D:6      | XOM: divination: detect creatures
  4924 | D:6      | XOM: destruction
  4927 | D:6      | Killed an entropy weaver
  4985 | D:6      | XOM: confuse monster(s)
  4988 | D:6      | Killed jkt's ghost
  5081 | D:7      | Found a staircase to the Ecumenical Temple.
  5094 | D:7      | Reached skill level 5 in Armour
  5098 | Temple   | Entered the Ecumenical Temple
  5694 | D:8      | Noticed a hornet
  5707 | D:7      | Paralysed by a hornet for 1 turns
  5709 | D:7      | Paralysed by a hornet for 1 turns
  5711 | D:7      | Killed a hornet
  5712 | D:7      | Reached XP level 10. HP: 56/76 MP: 13/15
  5988 | D:8      | XOM: confusion (+ monsters)
  6067 | D:8      | XOM: 1-stop teleportation journey
  6341 | D:8      | XOM: 6-stop teleportation journey
  6456 | D:8      | XOM: 3-stop teleportation journey
  6515 | D:8      | XOM: 1-stop teleportation journey
  6582 | D:8      | XOM: cloud trail
  6619 | D:8      | XOM: summons 2 hostile shadow creatures
  6639 | D:8      | XOM: silly message
  6865 | D:9      | Found a burning altar of Makhleb.
  6865 | D:9      | Found a blossoming altar of Fedhas.
  6975 | D:9      | Reached skill level 5 in Dodging
  6990 | D:9      | Found Haysonuo's Overcharged Wands.
  6998 | D:9      | Bought a wand of flame (40) for 420 gold pieces
  7002 | D:9      | Learned a level 3 spell: Mephitic Cloud
  7072 | D:9      | Found a staircase to the Lair.
  7154 | D:9      | XOM: divination: detect items
  7160 | D:9      | Reached skill level 5 in Polearms
  7236 | D:9      | Killed an unseen horror
  7411 | D:10     | Entered Level 10 of the Dungeon
  7424 | D:10     | XOM: 7-stop teleportation journey
  7447 | D:10     | Noticed Harold
  7452 | D:10     | XOM: fog
  7461 | D:10     | Killed Harold
  7462 | D:10     | Reached skill level 1 in Hexes
  7462 | D:10     | Reached skill level 1 in Air Magic
  7488 | D:10     | XOM: god gift: 43 gold pieces
  7656 | D:10     | Found a flagged portal.
  7659 | D:10     | Reached XP level 11. HP: 83/83 MP: 17/17
  7689 | Bailey   | Entered a bailey
  7711 | Bailey   | Reached skill level 6 in Armour
  7894 | Bailey   | Noticed an orc warlord
  7899 | Bailey   | XOM: divination: detect creatures
  7904 | Bailey   | XOM: potion effect (heal wounds)
  7912 | Bailey   | Killed an orc warlord
  7913 | Bailey   | Reached skill level 5 in Evocations
  8051 | D:10     | Noticed Joseph
  8061 | D:10     | Killed Joseph
  8570 | D:11     | Found a staircase to the Orcish Mines.
  8579 | D:11     | XOM: potion effect (brilliance)
  8615 | D:11     | Found Jysmacun's Antique Weapon Shoppe.
  8670 | D:11     | Noticed a two-headed ogre
  8671 | D:11     | XOM: potion effect (invisibility)
  8694 | D:11     | Noticed a two-headed ogre
  8698 | D:11     | Killed a two-headed ogre
  8700 | D:11     | Noticed a fire dragon
  8702 | D:11     | Noticed a cyclops
  8703 | D:11     | Noticed a centaur warrior
  8704 | D:11     | Noticed a two-headed ogre
  8706 | D:11     | Noticed a tengu warrior
  8706 | D:11     | Identified the amulet of Zosa {rPois Regen+ Slay+5}
  8706 | D:11     | Noticed an ogre mage
  8707 | D:11     | Killed a two-headed ogre
  8870 | Lair:1   | Entered Level 1 of the Lair of Beasts
  8875 | Lair:1   | XOM: summons 11 friendly demons
  8897 | Lair:1   | XOM: fake destruction
  8899 | Lair:1   | XOM: divination: detect items
  8908 | Lair:1   | Reached skill level 7 in Armour
  8908 | Lair:1   | XOM: fog
  8941 | Lair:1   | Reached XP level 12. HP: 65/92 MP: 19/19
  8992 | Lair:1   | XOM: summons friendly shadow imp
  9038 | Lair:1   | XOM: smoke on damage
  9568 | Lair:1   | XOM: enchant monster (good)
 10032 | D:4      | XOM: god gift: leather armour {god gift}
 10173 | Lair:2   | Noticed a death yak
 10180 | Lair:2   | Killed a death yak
 10183 | Lair:2   | XOM: potion effect (invisibility)
 10245 | Lair:2   | Reached skill level 8 in Armour
 10298 | Lair:2   | XOM: summons friendly iron imp
 10410 | Lair:2   | XOM: smoke on damage
 10481 | Lair:2   | Found a frozen archway.
 10495 | IceCv    | Entered an ice cave
 10524 | IceCv    | Reached skill level 5 in Alchemy
 10531 | IceCv    | XOM: summons 12 friendly demons
 10629 | IceCv    | XOM: noise
 10639 | IceCv    | Reached XP level 13. HP: 99/99 MP: 21/21
 10639 | IceCv    | Reached skill level 9 in Armour
 10639 | IceCv    | Reached skill level 5 in Stealth
 10639 | IceCv    | Reached skill level 1 in Unarmed Combat
 10639 | IceCv    | Reached skill level 1 in Conjurations
 10639 | IceCv    | Reached skill level 5 in Necromancy
 10639 | IceCv    | Reached skill level 1 in Fire Magic
 10639 | IceCv    | Reached XP level 14. HP: 106/106 MP: 22/22
 10652 | IceCv    | Noticed a white draconian
 10652 | IceCv    | XOM: 2-stop teleportation journey
 10663 | IceCv    | XOM: god gift: 36 gold pieces
 10668 | IceCv    | Killed a white draconian
 10670 | IceCv    | Killed a white draconian
 10694 | IceCv    | Acquired a georeticulated matrix {rElec rPois rCorr Clar
                  | RMsl}
 10710 | IceCv    | Identified the ring of Gaalu {rF+ EV+5 Int+4 Dex-5}
 11129 | Lair:2   | HP: 4/108 [cane toad (31)]
 11327 | Lair:2   | XOM: 2-stop teleportation journey
 11792 | Lair:3   | XOM: potion effect (haste)
 11799 | Lair:3   | XOM: potion effect (might)
 11803 | Lair:3   | XOM: divination: detect items
 11855 | Lair:3   | XOM: noise
 11924 | Lair:3   | Learned a level 5 spell: Curse of Agony
 11929 | Lair:3   | Learned a level 4 spell: Cause Fear
 12061 | Lair:3   | XOM: destruction
 12065 | Lair:3   | Reached skill level 10 in Armour
 12582 | Lair:3   | XOM: polymorph five-headed hydra -> steelbarb worm
 12631 | Lair:3   | XOM: summons 2 hostile demons
 12663 | Lair:3   | Found a staircase to the Snake Pit.
 12722 | Lair:3   | XOM: give mutation
 12722 | Lair:3   | Gained mutation: You have a pair of small horns on your
                  | head. [Xom's grace]
 12832 | Lair:3   | Found a staircase to the Shoals.
 12834 | Lair:3   | XOM: smoke on damage
 12975 | Lair:4   | Found the dreamshard necklace {Acrobat *Dream}
 13142 | Lair:4   | XOM: enchant monster (good)
 13159 | Lair:4   | Found a large runed translucent door.
 13159 | Lair:4   | Found a large runed translucent door.
 13160 | Lair:4   | Noticed Hoaki's ghost (journeyman HONe)
 13162 | Lair:4   | Noticed Josephine
 13164 | Lair:4   | XOM: confuse monster(s)
 13177 | Lair:4   | XOM: potion effect (haste)
 13178 | Lair:4   | XOM: cast spell 'Summon Cactus Giant'
 13188 | Lair:4   | Killed Hoaki's ghost
 13200 | Lair:4   | Killed Josephine
 13252 | Lair:4   | XOM: scenery: 1 fountains blood, 2 doors close
 13255 | Lair:4   | XOM: cloud trail
 13355 | Lair:4   | XOM: enchant monster (good)
 13358 | Lair:4   | XOM: enchant monster (good)
 13425 | Lair:4   | Noticed Rupert
 13428 | Lair:4   | Paralysed by Rupert for 3 turns
 13442 | Lair:4   | Killed Rupert
 13446 | Lair:4   | XOM: polymorph wolf -> quokka
 13759 | Lair:4   | XOM: scenery: create altars
 13762 | Lair:4   | XOM: destruction
 13765 | Lair:4   | XOM: cast spell 'Dispersal'
 13774 | Lair:4   | Reached XP level 15. HP: 28/115 MP: 24/24
 13778 | Lair:4   | Reached skill level 5 in Spellcasting
 14078 | Lair:4   | XOM: god gift: sack of spiders
 14159 | Lair:5   | Entered Level 5 of the Lair of Beasts
 14274 | Lair:5   | XOM: divination: detect items
 14311 | Lair:5   | XOM: polymorph jumping spider -> fire crab
 14399 | Lair:5   | Reached skill level 11 in Armour
 14486 | Lair:5   | XOM: polymorph blink frog -> glowing shapeshifter
 14491 | Lair:5   | Reached skill level 10 in Fighting
 14654 | Lair:5   | XOM: summons friendly iron imp
 14674 | Lair:5   | XOM: potion effect (curing)
 14683 | Lair:5   | XOM: potion effect (berserk rage)
 14689 | Lair:5   | Reached skill level 10 in Axes
 14709 | Lair:5   | XOM: potion effect (haste)
 14782 | Lair:5   | XOM: silly message
 14837 | Lair:5   | XOM: cast spell 'Summon Small Mammal'
 14902 | Lair:5   | XOM: potion effect (brilliance)
 15119 | Lair:5   | XOM: noise
 15120 | Lair:5   | XOM: noise
 15210 | Lair:5   | XOM: summons 1 hostile shadow creature
 15327 | Lair:5   | Found a viscous altar of Jiyva.
 15332 | Lair:5   | Found a staircase to the Slime Pits.
 15345 | Lair:5   | XOM: draining
 15465 | Lair:5   | XOM: give mutation
 15465 | Lair:5   | Lost mutation: You are partially covered in iridescent
                  | scales. (AC +2) [Xom's mischief]
 15801 | D:11     | XOM: swap monsters
 15817 | D:11     | Found Axoten's Armour Boutique.
 15842 | D:11     | Bought a +2 cloak for 165 gold pieces
 16064 | D:11     | Found Resseome's Assorted Antiques.
 16070 | D:11     | Bought a wand of light (8) for 907 gold pieces
 16070 | D:11     | Bought 2 potions of mutation for 432 gold pieces
 16093 | D:11     | Found Femnuymei's Assorted Antiques.
 16204 | D:11     | Found Vecog's Weapon Emporium.
 16281 | D:12     | Saving game... please wait.
 16457 | D:12     | Reached skill level 5 in Air Magic
 16553 | D:12     | You fall into a shaft and drop 2 floors!
 16553 | D:14     | Found a gate leading to a gauntlet.
 16570 | D:14     | XOM: enchant monster (bad)
 16661 | D:14     | Found a hide-covered altar of Uskayaw.
 16713 | Gauntlet | Entered a Gauntlet
 16713 | Gauntlet | Found a transporter.
 16723 | Gauntlet | Found a transporter.
 16737 | Gauntlet | Found a transporter.
 16742 | Gauntlet | Found a transporter.
 16747 | Gauntlet | XOM: summons 4 hostile shadow creatures
 16779 | Gauntlet | Found a transporter.
 16796 | Gauntlet | Found a transporter.
 16808 | Gauntlet | Found a transporter.
 16820 | Gauntlet | Found a transporter.
 16826 | Gauntlet | Found a transporter.
 16826 | Gauntlet | Found a transporter.
 16845 | Gauntlet | Found a transporter.
 16857 | Gauntlet | Found a transporter.
 16876 | Gauntlet | Found a transporter.
 16891 | Gauntlet | Found a transporter.
 16893 | Gauntlet | Found a transporter.
 16918 | Gauntlet | Found a transporter.
 16920 | Gauntlet | Found a transporter.
 16944 | Gauntlet | Found a transporter.
 17014 | Gauntlet | XOM: stat loss: -1 Str (24/25)
 17260 | Gauntlet | Reached XP level 16. HP: 121/123 MP: 26/26
 17294 | Gauntlet | XOM: destruction
 17302 | Gauntlet | Reached skill level 12 in Armour
 17361 | Gauntlet | Identified the +4 rapier of Circular Logic {flame, rN++}
 17362 | Gauntlet | Reached XP level 17. HP: 130/130 MP: 26/28
 17362 | Gauntlet | XOM: swap monsters
 17369 | Gauntlet | XOM: butterfly on damage
 17555 | D:14     | Noticed Jorgrun
 17569 | D:14     | Killed Jorgrun
 17629 | D:14     | Noticed Kirke
 17644 | D:14     | Killed Kirke
 17688 | D:14     | Noticed Azrael
 17705 | D:14     | Noticed Nessos
 17710 | D:14     | Killed Nessos
 17716 | D:14     | XOM: butterfly on damage
 17718 | D:14     | Killed Azrael
 18071 | D:14     | XOM: summons friendly ufetubus
 18079 | D:14     | XOM: blink monster(s)
 18240 | D:15     | Entered Level 15 of the Dungeon
 18252 | D:15     | XOM: cast spell 'Death Channel'
 18328 | D:15     | Found Soriam's Fire Supplies.
 18334 | D:15     | XOM: scenery: summon butterflies
 18511 | D:15     | Found a sacrificial altar of Ru.
 19002 | D:15     | XOM: summons friendly ufetubus
 19019 | D:15     | Found a staircase to the Depths.
 19236 | D:15     | XOM: give mutations
 19236 | D:15     | Lost mutation: Your natural rate of healing is unusually
                  | fast. [Xom's mischief]
 19236 | D:15     | Lost mutation: You have a pair of small horns on your head.
                  | [Xom's mischief]
 19432 | D:13     | Identified the ring "Jomaifa" {Wiz rF+}
 19476 | D:13     | Found Obamim's Armour Shoppe.
 19520 | D:13     | XOM: silly message
 19550 | D:13     | Reached skill level 13 in Armour
 19564 | D:13     | Identified the +10 rapier "Pizasso" {venom, rElec rN+ Int-2
                  | Stlth+}
 19584 | D:13     | XOM: noise
 19585 | D:13     | Identified the +0 pair of gloves of the Sun {Rampage Dex+3
                  | Slay+2}
 19586 | D:13     | HP: 3/131 [death knight/+2 battleaxe (17)]
 19588 | D:13     | Found Kuanaull's Antique Armour Emporium.
 19665 | D:13     | Found Dyttaum's Jewellery Shop.
 19665 | D:13     | Found Izximay's Armour Boutique.
 19665 | D:13     | XOM: 5-stop teleportation journey
 19907 | D:13     | Reached skill level 10 in Polearms
 19955 | D:13     | XOM: destruction
 19956 | D:13     | XOM: chaos upgrade
 19989 | D:13     | Noticed a sphinx
 19994 | D:13     | Killed a sphinx
 19995 | D:13     | Reached skill level 10 in Dodging
 19997 | D:13     | XOM: 6-stop teleportation journey
 20010 | D:13     | XOM: confuse monster(s)
 20361 | D:12     | XOM: polymorph boulder beetle -> boulder beetle
 20472 | D:12     | Learned a level 3 spell: Fugue of the Fallen
 20476 | D:12     | Learned a level 3 spell: Teleport Other
 20634 | D:12     | XOM: summons 1 hostile shadow creature
 20652 | D:12     | XOM: summons 4 hostile shadow creatures
 21159 | D:13     | XOM: give mutation
 21159 | D:13     | Lost mutation: Your spells are a little harder to cast, but
                  | a little more powerful. [Xom's mischief]
 21289 | D:13     | XOM: give mutation
 21289 | D:13     | Lost mutation: You are strong-willed. (Will+) [Xom's
                  | mischief]
 21302 | D:13     | XOM: torment (80/131 hp)
 21436 | D:13     | XOM: chaos cloud
 21445 | D:13     | XOM: swap monsters
 21472 | D:13     | Identified the +1 quarterstaff of Massacring {spect, Dex+4}
 21485 | D:13     | XOM: silly message
 21799 | D:13     | Found a gate to the Vaults.
 21868 | D:13     | Found Qely's Jewellery Shoppe.
 21885 | D:13     | Identified the +2 robe of Devotion {^Drain rF+++ rC-
                  | Slay+5}
 21946 | D:13     | XOM: cast spell 'Cause Fear'
 22105 | D:13     | XOM: give mutations
 22105 | D:13     | Gained mutation: You passively map a small area around you.
                  | [Xom's mischief]
 22105 | D:13     | Gained mutation: You are frail. (-10% HP) [Xom's mischief]
 22105 | D:13     | Lost mutation: Your muscles are very strong. (Str +8,
                  | Int/Dex -2) [Xom's mischief]
 22105 | D:13     | Lost mutation: You are very agile. (Dex +8, Str/Int -2)
                  | [Xom's mischief]
 22106 | D:13     | Lost mutation: You have an increased reservoir of magic.
                  | (+10% MP) [potion of mutation]
 22106 | D:13     | Lost mutation: You are frail. (-10% HP) [potion of
                  | mutation]
 22106 | D:13     | Lost mutation: Your muscles are strong. (Str +4, Int/Dex
                  | -1) [potion of mutation]
 22106 | D:13     | Gained mutation: You are somewhat resistant to further
                  | mutation. [potion of mutation]
 22107 | D:13     | Lost mutation: You are somewhat resistant to further
                  | mutation. [potion of mutation]
 22107 | D:13     | Lost mutation: You are agile. (Dex +4, Str/Int -1) [potion
                  | of mutation]
 22107 | D:13     | Lost mutation: You passively map a small area around you.
                  | [potion of mutation]
 22107 | D:13     | Gained mutation: You are partially covered in iridescent
                  | scales. (AC +2) [potion of mutation]
 22107 | D:13     | Gained mutation: [You are clumsy. (Dex -2)] [potion of
                  | mutation]
 22107 | D:13     | Gained mutation: Your muscles are strong. (Str +4, Int/Dex
                  | -1) [potion of mutation]
 22108 | D:13     | Lost mutation: You are partially covered in iridescent
                  | scales. (AC +2) [potion of mutation]
 22108 | D:13     | Lost mutation: Your muscles are strong. (Str +4, Int/Dex
                  | -1) [potion of mutation]
 22108 | D:13     | Lost mutation: [You are clumsy. (Dex -2)] [potion of
                  | mutation]
 22108 | D:13     | Gained mutation: Your body sometimes deteriorates upon
                  | taking damage. [potion of mutation]
 22108 | D:13     | Lost mutation: Your movements are slightly less encumbered
                  | by armour. (ER -2) [potion of mutation]
 22109 | D:13     | Lost mutation: Your body sometimes deteriorates upon taking
                  | damage. [potion of mutation]
 22109 | D:13     | Gained mutation: [You are weak. (Str -2)] [potion of
                  | mutation]
 22109 | D:13     | Gained mutation: You are vulnerable to heat. (rF-) [potion
                  | of mutation]
 22109 | D:13     | Gained mutation: You are agile. (Dex +4, Str/Int -1)
                  | [potion of mutation]
 22110 | D:13     | Lost mutation: You are agile. (Dex +4, Str/Int -1) [potion
                  | of mutation]
 22110 | D:13     | Lost mutation: [You are weak. (Str -2)] [potion of
                  | mutation]
 22110 | D:13     | Lost mutation: You are vulnerable to heat. (rF-) [potion of
                  | mutation]
 22110 | D:13     | Gained mutation: You expend magic power (3 MP) to
                  | strengthen your wands. [potion of mutation]
 22110 | D:13     | Gained mutation: You are partially covered in iridescent
                  | scales. (AC +2) [potion of mutation]
 22110 | D:13     | Gained mutation: You have an increased reservoir of magic.
                  | (+10% MP) [potion of mutation]
 22228 | D:13     | XOM: chaos upgrade
 22234 | D:13     | XOM: 1-stop teleportation journey
 22248 | D:13     | XOM: swap monsters
 22254 | D:13     | Reached skill level 1 in Translocations
 22359 | D:13     | XOM: 1-stop teleportation journey
 22557 | D:13     | Reached XP level 18. HP: 138/138 MP: 29/29
 22677 | D:13     | Reached XP level 19. HP: 124/144 MP: 31/31
 22915 | D:13     | XOM: smoke on damage
 22925 | D:13     | XOM: draining
 23151 | D:13     | XOM: stat loss: -1 Dex (12/13)
 23560 | D:13     | XOM: 1-stop teleportation journey
 23692 | D:11     | Bought a scroll of fear for 124 gold pieces
 23692 | D:11     | Bought a scroll of identify for 62 gold pieces
 23692 | D:11     | Bought a potion of curing for 93 gold pieces
 23692 | D:11     | Bought a scroll of teleportation for 93 gold pieces
 23850 | Snake:1  | Entered Level 1 of the Snake Pit
 23855 | Snake:1  | XOM: 6-stop teleportation journey
 23865 | Snake:1  | XOM: divination: detect creatures
 23909 | Snake:1  | XOM: smoke on damage
 23913 | Snake:1  | XOM: cleaving
 24094 | Snake:1  | XOM: 9-stop teleportation journey
 24098 | Snake:1  | Learned a level 2 spell: Blink
 24122 | Snake:1  | XOM: summons 2 friendly demons
 24488 | Snake:1  | XOM: give mutations
 24488 | Snake:1  | Gained mutation: Your spells are a little harder to cast,
                  | but a little more powerful. [Xom's grace]
 24488 | Snake:1  | Gained mutation: You have a pair of small horns on your
                  | head. [Xom's grace]
 24488 | Snake:1  | Gained mutation: You have hidden genetic potential. [Xom's
                  | grace]
 24488 | Snake:1  | Gained mutation: You are agile. (Dex +4, Str/Int -1) [Xom's
                  | grace]
 24507 | Snake:1  | XOM: god gift: wand of light (5)
 25057 | Snake:2  | Found Fiekhleak's Antique Armour Shop.
 25357 | Snake:1  | XOM: cloud trail
 25399 | Snake:2  | Reached skill level 1 in Throwing
 25699 | Snake:2  | Reached skill level 5 in Fire Magic
 26128 | Abyss:2  | Cast into level 2 of the Abyss (Xom)
 26211 | Abyss:2  | XOM: give mutations
 26211 | Abyss:2  | Lost mutation: You have hidden genetic potential. [Xom's
                  | mischief]
 26211 | Abyss:2  | Gained mutation: Your flesh is heat resistant. (rF+) [Xom's
                  | mischief]
 26211 | Abyss:2  | Gained mutation: Armour fits poorly on your strangely
                  | shaped body. [Xom's mischief]
 26211 | Abyss:2  | Gained mutation: You occasionally lose the ability to read
                  | scrolls when taking damage. [Xom's mischief]
 26323 | Abyss:2  | XOM: cast spell 'Discord'
 26341 | Abyss:2  | XOM: cleaving
 26345 | Abyss:2  | HP: 6/146 [starcursed mass/accursed screaming (4)]
 26346 | Abyss:2  | Reached skill level 5 in Hexes
 26358 | Abyss:2  | Lost mutation: You occasionally lose the ability to read
                  | scrolls when taking damage. [potion of mutation]
 26358 | Abyss:2  | Lost mutation: You are partially covered in iridescent
                  | scales. (AC +2) [potion of mutation]
 26358 | Abyss:2  | Lost mutation: Your flesh is heat resistant. (rF+) [potion
                  | of mutation]
 26399 | Abyss:2  | XOM: destruction
 26403 | Abyss:2  | HP: 4/146 [tentacled starspawn (5)]
 26406 | Abyss:2  | Slain by a sun demon

Illustrated notes

Levels and vault maps discovered:
D:1:      sevenhm_arrival_forest_fort_large_2, layout_basic,
          minmay_misc_feat_secret_circle, grunt_decor_clamped,
          nicolae_kite_square_tiling_tiny, minmay_tiny_reverse_x
D:2:      layout_basic, shapermc_ecumenical_altar_petra, wad_floor_pattern_1,
          st_stairs_12
D:3:      layout_loops_corners, kennysheep_generic_room_8, uniq_natasha
D:4:      layout_cave_pools, nicolae_half_adder
D:5:      layout_basic, nzn_wu_jian_council_hall, serial_shops,
          nicolae_shop_scrapyard, feat_on_display, uniq_prince_ribbit1,
          uniq_eustachio, uniq_blork_the_orc, uniq_duvessa
D:6:      layout_layer_cave, nicolae_overflow_crystal_walls,
          gammafunk_ghost_arena, kennysheep_small_square
D:7:      layout_basic, temple_statues
D:8:      layout_basic
D:9:      layout_roguey, amethyst_overflow_temple_binary, lair_entry_dummy,
          nicolae_shop_overcharged_wands
D:10:     layout_basic, enter_bailey_4, uniq_harold, uniq_joseph
D:11:     minmay_the_grid_triangle_9x9_recursive_2_mashed
          [minmay_the_grid_triangle_9x9_prize_schism,
          minmay_the_grid_triangle_9x9_zippers_vertical,
          minmay_the_grid_triangle_9x9_dagger,
          minmay_the_grid_triangle_9x9_pentomino_pain], layout_rooms,
          orc_david_3, serial_shops, shop, nicolae_shop_trees, shop,
          nicolae_shop_dealshenge, nicolae_shop_bloodbath_and_beyond
D:12:     layout_stronghold, serial_bayou_pond_c
D:13:     minmay_sliced_demisemicircle, layout_small_grid, david_vaults_2,
          serial_shops, shop, nicolae_shop_real_fake_doors, shop, shop, shop,
          kennysheep_nub, minmay_joined_circles
D:14:     layout_basic, minmay_misc_feat_tower, gauntlet_entry_generic,
          grunt_ministairs_6, nicolae_uskayaw_murder_on_the_dancefloor,
          uniq_kirke, uniq_azrael, uniq_jorgrun, uniq_nessos
D:15:     grunt_enter_depths_magical_seal, layout_irregular_city,
          lemuel_doored_altar, nicolae_shop_fire_sale [nicolae_sub_dead_trees]
Temple:   nicolae_temple_no_exploring_needed
Lair:1:   layout_hall_layers, serial_bayou_crossing
Lair:2:   layout_loops_ring, portal_ice_cave_rime, grunt_forest_stairs_clearing
Lair:3:   layout_cellular_growth, minmay_shoals_entry_hut,
          minmay_snake_entry_guardpost_small
Lair:4:   layout_regular_city, ebering_ghost_disaster_area,
          roderic_carrion_pond, chequers_serial_rivers_room_b,
          grunt_megastairs_3, serial_bayou_shore_b, uniq_josephine, uniq_rupert
Lair:5:   evilmike_catoblepas_cave, layout_cave_shapes, dpeg_slime_entry_corner,
          grunt_megastairs_1
Snake:1:  layout_grid_shapes
Snake:2:  layout_onion_interference, serial_shops, nicolae_shop_crystal,
          drop_trap
Abyss:2:  base:
Snake:1

Skill      XL: |  1  2  3  4  5  6  7  8  9 10 11 12 13 14 15 16 17 18 19 |
---------------+----------------------------------------------------------+-----
Dodging        | 1 2 3 4 5 6 7 8 9 10 | 10.5
Armour         | 2 3 4 5 7 8 9 10 11 12 13 | 13.9
Polearms       | 1 2 3 4 5 6 7 8 9 10 | 10.6
Stealth        | 1 2 3 4 5 |  5.0
Spellcasting   | 1 2 3 4 5 6 |  6.3
Evocations     | 1 2 3 4 5 6 7 8 9 |  9.9
Axes           | 4 5 6 7 8 9 10 11 | 11.7
Fighting       | 4 5 6 7 8 9 10 11 | 11.9
Necromancy     | 1 2 3 4 5 6 7 |  7.5
Alchemy        | 1 2 3 4 5 6 7 8 |  8.1
Hexes          | 1 2 3 4 5 |  5.0
Air Magic      | 1 2 3 4 5 6 |  6.2
Unarmed Combat | 1 2 3 4 |  4.2
Conjurations   | 1 2 3 4 |  4.6
Fire Magic     | 1 2 3 4 5 |  5.1
Translocations | 1 2 |  2.5
Throwing       | 1 |  1.9

Action                     |  1- 3 |  4- 6 |  7- 9 | 10-12 | 13-15 | 16-18 | 19-21 || total
---------------------------+-------+-------+-------+-------+-------+-------+-------++-------
  Melee: Dagger            |    32 |       |       |       |       |       |       ||    32
         Hand axe          |    49 |    79 |   136 |   350 |   630 |    30 |       ||  1274
         War axe           |    18 |    77 |   141 |   381 |   641 |    41 |       ||  1299
         Headbutt          |       |       |       |       |   169 |    75 |    39 ||   283
         Broad axe         |       |       |       |       |       |   377 |   182 ||   559
         Rapier            |       |       |       |       |       |   358 |   176 ||   534
  Throw: Boomerang         |       |       |       |       |     1 |     1 |       ||     2
Ability: Invent Gizmo      |       |       |       |       |     1 |       |       ||     1
  Evoke: Wand              |       |       |     4 |    23 |    33 |    25 |     3 ||    88
         Sack of spiders   |       |       |       |       |     1 |     2 |     1 ||     4
         Gell's gravitambo |       |       |       |       |       |     2 |     1 ||     3
         Box of beasts     |       |       |       |       |       |     1 |     1 ||     2
         Phantom mirror    |       |       |       |       |       |       |     1 ||     1
    Use: Scroll            |     1 |       |     9 |    24 |     8 |    12 |     6 ||    60
         Potion            |       |       |     2 |     4 |    15 |    17 |     6 ||    44
   Stab: Sleeping          |     1 |     5 |     2 |     4 |       |       |       ||    12
         Confused          |     1 |       |    10 |     8 |    20 |     9 |       ||    48
         Paralysed         |       |     2 |     1 |    24 |    24 |     3 |       ||    54
         Invisible         |       |       |       |     8 |    26 |     1 |       ||    35
         Held in net/web   |       |       |       |     5 |       |       |       ||     5
         Distracted        |       |       |       |     4 |     1 |     3 |     8 ||    16
         Petrified         |       |       |       |       |     7 |       |       ||     7
         Petrifying        |       |       |       |       |     5 |     1 |       ||     6
 Armour: Leather armour    |    30 |    47 |    10 |       |       |       |       ||    87
         Chain mail        |       |       |   144 |   329 |   617 |   458 |   239 ||  1787
         Skin              |       |       |       |       |       |    72 |       ||    72
  Dodge: Dodged            |    36 |    51 |    95 |   224 |   456 |   419 |   105 ||  1386
         Repelled          |       |       |       |       |    19 |    28 |    36 ||    83

Table legend: (Time is in decaauts)
 A = Elapsed time spent in this place.
 B = Non-inter-level travel time spent in this place.
 C = Inter-level travel time spent in this place.
 D = Time resting spent in this place.
 E = Time spent auto-exploring this place.
 F = Levels seen in this place.
 G = Mean time per level.
                   A        B        C        D        E       F      G
               +--------+--------+--------+--------+--------+-----+--------+
         Total |  26400 |  24414 |   1986 |   2919 |  15692 |  27 |  977.8 |
       Dungeon |  16458 |  14799 |   1659 |   1598 |  10007 |  15 | 1097.2 |
        Temple |      1 |      1 |      0 |      0 |      0 |   1 |    1.0 |
          Lair |   5732 |   5419 |    313 |    265 |   3909 |   5 | 1146.4 |
     Snake Pit |   2287 |   2274 |     13 |    830 |   1099 |   2 | 1143.5 |
         Abyss |    280 |    280 |      0 |     97 |     69 |   1 |  280.0 |
        Bailey |    319 |    319 |      0 |      0 |     80 |   1 |  319.0 |
      Ice Cave |    579 |    579 |      0 |    128 |    173 |   1 |  579.0 |
      Gauntlet |    739 |    739 |      0 |      0 |    355 |   1 |  739.0 |
               +--------+--------+--------+--------+--------+-----+--------+

Top non-repeatable levels by time:
    D:13: 3278 daAuts
  Lair:5: 1301 daAuts
     D:6: 1285 daAuts
 Snake:1: 1276 daAuts
    D:12: 1236 daAuts
  Lair:4: 1195 daAuts
  Lair:3: 1172 daAuts
  Lair:2: 1051 daAuts
    D:10: 1046 daAuts
    D:15: 1037 daAuts
 Snake:2: 1011 daAuts
  Lair:1: 1011 daAuts
     D:5: 985 daAuts
    D:14: 974 daAuts
     D:8: 951 daAuts
